 Dungeon Crawl Stone Soup version 0.24-a0-789-g35933f4585 (webtiles) character file.

Game seed: 7474651093007363701, levelgen mode: deterministic

0 Gargoyl the Skirmisher (level 1, -5/19 HPs)
             Began as a Centaur Abyssal Knight on Oct 10, 2019.
             Was a Follower of Lugonu.
             Slain by a thrashing horror (10 damage)
             ... on level 1 of the Abyss.
             The game lasted 00:00:38 (182 turns).

Gargoyl the Skirmisher (Centaur Abyssal Knight)      Turns: 182, Time: 00:00:39

Health: -5/19      AC:  4    Str: 14    XL:     1   Next: 0%
Magic:  2/2        EV:  9    Int: 11    God:    Lugonu [*.....]
Gold:   0          SH:  0    Dex:  8    Spells: 0/0 levels left

rFire    . . .     SeeInvis .   a - +1 hand axe
rCold    . . .     Gourm    .   (no shield)
rNeg     . . .     Faith    .   b - +0 leather armour
rPois    .         Spirit   .   (no helmet)
rElec    .         Reflect  .   (no cloak)
rCorr    .         Harm     .   (no gloves)
MR       .....                  (no barding)
Stlth    ..........             (no amulet)
HPRegen  0.06/turn              (no ring)
MPRegen  0.08/turn              (no ring)

@: very slightly contaminated, very quick
A: large, hooves 3, deformed body, speed 2, tough skin 3
a: Depart the Abyss, Renounce Religion


You were on level 1 of the Abyss.
You worshipped Lugonu.
Lugonu was aware of your devotion.
You were not hungry.

You visited 0 branches of the dungeon, and saw 0 of its levels.
You visited the Abyss 1 time.

Inventory:

Hand Weapons
 a - a +1 hand axe (weapon)
Armour
 b - a +0 leather armour (worn)
Comestibles
 c - a ration


   Skills:
 + Level 3.0 Fighting
 + Level 1.7 Axes
 + Level 1.3 Armour
 + Level 0.6 Dodging
 + Level 2.0 Invocations


You couldn't memorise any spells.
You didn't know any spells.
Your spell library was empty.

Dungeon Overview and Level Annotations

Branches:
Dungeon (0/15)

Altars:


Innate Abilities, Weirdness & Mutations

You have hooves in place of feet.
Armour fits poorly on your strangely shaped body.
You cover ground very quickly.
You have extremely tough skin. (AC +3)


Message History

You feel yourself growing ill in the presence of the ancient zyme.
A tentacled starspawn comes into view.
A wraith comes into view.
You flicker back into view.
Tentacles burst from the starspawn's body! 2 starspawn tentacles come into view.
The starspawn tentacle grabs you.
* * * LOW HITPOINT WARNING * * *
The starspawn tentacle constricts you.
You escape the starspawn tentacle's grasp.
Found a gateway leading out of the Abyss.
There is a gateway leading out of the Abyss here.
You enter the shallow water.
Moving in this stuff is going to be slow.
A thrashing horror comes into view.
The thrashing horror roars!
Found a glowing coppery potion.
The thrashing horror tramples you!
Ouch! That really hurt!
You die...

.##. .#.. .... ##!#..
... #..... .. .....
#.##...# #..#..#
#.....# ####### #.@.#
.###..#..###.X.# .
#..# #.......##.....
#§#...##.#...##.....#.
.#.## #.....##......##
......#....#...###.#..
#... .....#...# ....
##.#..##..#...## ...#
≈≈≈♣≈≈≈≈...#..# #.


You could see a thrashing horror.

Vanquished Creatures (others)
  2 starspawn tentacles (Abyss:1)
2 creatures vanquished.

Notes
Turn   | Place    | Note
-------+----------+-------------------------------------------
     0 | Abyss:1  | Gargoyl the Centaur Abyssal Knight began the quest for the
                  | Orb.
     0 | Abyss:1  | Reached XP level 1. HP: 19/19 MP: 2/2
    91 | Abyss:1  | Noticed a deep elf sorcerer
   107 | Abyss:1  | Noticed a raiju
   115 | Abyss:1  | Noticed a chaos spawn
   145 | Abyss:1  | Noticed an ancient zyme
   147 | Abyss:1  | Noticed a tentacled starspawn
   148 | Abyss:1  | Noticed a wraith
   180 | Abyss:1  | Noticed a thrashing horror
   182 | Abyss:1  | Slain by a thrashing horror

Levels and vault maps discovered:
Abyss:1:  serial_sigils_hangedman_gut

Action                   || total
-------------------------++-------
  Use: Scroll            ||     1
Dodge: Dodged            ||     1

Table legend:
 A = Non-vault XP
 B = Vault XP
 C = Vault XP percentage of total XP
 D = Non-vault monster count
 E = Vault monster count
 F = Vault count percentage of total count
                 A         B        C        D         E       F
            +---------+---------+-------+---------+---------+-------
      Total |       0 |       0 |   N/A |       0 |       0 |  -nan
            +---------+---------+-------+---------+---------+-------
            +---------+---------+-------+---------+---------+-------
